 Dungeon Crawl Stone Soup version 0.22-a0-608-g8a62e23 (webtiles) character file.

64 sking99 the Ruffian (level 3, -2/29 HPs)
             Began as a Draconian Transmuter on July 9, 2018.
             Slain by a worm (8 damage)
             ... on level 2 of the Dungeon.
             The game lasted 00:03:51 (1751 turns).

sking99 the Ruffian (Draconian Transmuter)          Turns: 1751, Time: 00:03:52

Health: -2/29      AC:  5    Str: 12    XL:     3   Next: 91%
Magic:  5/6        EV: 12    Int: 14    God:
Gold:   84         SH:  0    Dex: 11    Spells: 3/6 levels left

rFire    . . .     SeeInvis .     - Unarmed
rCold    . . .     Gourm    .   (no shield)
rNeg     . . .     Faith    .   (armour unavailable)
rPois    .         Spirit   .   (helmet restricted)
rElec    .         Reflect  .   (no cloak)
rCorr    .         Harm     .   (no gloves)
MR       .....                  (no boots)
Stlth    +.........             (no amulet)
HPRegen  0.09/turn              (no ring)
MPRegen  0.10/turn              (no ring)

@: appendage
A: unfitting armour, horns 2, cold-blooded, AC +5
a: End Transformation


You were on level 2 of the Dungeon.
You were not hungry.
You had grown temporary horns.
You visited 1 branch of the dungeon, and saw 2 of its levels.

You collected 84 gold pieces.

Inventory:

Missiles
 a - 28 arrows
Jewellery
 i - an uncursed ring of positive energy {unknown}
 k - an uncursed amulet of regeneration {unknown}
Scrolls
 b - a scroll of remove curse {unknown}
 j - a scroll of magic mapping {unknown}
Comestibles
 c - 4 rations
 d - 3 chunks of flesh


   Skills:
 + Level 2.2 Fighting
 - Level 1.7 Dodging
 * Level 4.0 Unarmed Combat
 - Level 2.0 Spellcasting
 + Level 2.6 Transmutations


You had 3 spell levels left.
You knew the following spells:

 Your Spells              Type           Power        Failure   Level  Hunger
a - Beastly Appendage     Tmut           #.....       8%          1    ##.....
b - Sticks to Snakes      Tmut           #.......     12%         2    ###....

Your spell library contained the following spells:

 Spells                   Type           Power        Failure   Level  Hunger
 Spider Form              Tmut/Pois      #.........   38%         3    ####...
 Blade Hands              Tmut           #.........   91%         5    ######.
 Ice Form                 Ice/Tmut       #.......     80%         4    #####..


Dungeon Overview and Level Annotations

Branches:
Dungeon (2/15)

Altars:

Annotations:
D:2 Robin, Sigmund


Innate Abilities, Weirdness & Mutations

Your plain brown scales are hard. (AC +5)
You cannot fit into any form of body armour.
You are cold-blooded and may be slowed by cold attacks.
You have a pair of horns on your head.


Message History

You hit the worm but do no damage.
The worm is moderately wounded.
You hit the worm but do no damage.
The worm is moderately wounded.
The worm completely misses you.
You hit the worm.
The worm is moderately wounded.
You barely miss the worm.
The worm is moderately wounded.
The worm bites you.
You completely miss the worm. You tail-slap the worm.
The worm is heavily wounded.
Casting: Sticks to Snakes (safe; 12% risk of failure)
Confirm with . or Enter, or press ? or * to list all spells.
You grow a pair of large bovine horns.
The worm bites you.
* * * LOW HITPOINT WARNING * * *
You hit the worm. You tail-slap the worm.
The worm is almost dead.
The worm bites you!
You die...

# ### # ..#### .
#.#.. # ##.#.# ###
# #..#.# #.. #
####.†).#
#.#########
#.......#
#..........
#....@..#
#.^########
#....w..# #..# #
.#####......####.÷#
#
.....?............#
#
#######..##.####..#
# #..##.# #..# .
#<.##.# #....
#..##.. ......
....... ..####.#


You could see a worm.

Vanquished Creatures
  2 adders (D:2)
  2 worms (D:2)
  2 dart slugs
  A ball python (D:1)
  5 bats
  2 giant cockroaches (D:1)
  5 goblins
  3 hobgoblins
  2 jackals (D:2)
  3 kobolds
  A quokka (D:2)
  4 frilled lizards
  2 rats
34 creatures vanquished.

Vanquished Creatures (others)
  A fungus (D:2)
1 creature vanquished.

Grand Total: 35 creatures vanquished

Notes
Turn   | Place    | Note
-------+----------+-------------------------------------------
     0 | D:1      | sking99 the Draconian Transmuter began the quest for the Orb.
     0 | D:1      | Reached XP level 1. HP: 16/16 MP: 3/3
   288 | D:1      | Reached XP level 2. HP: 23/23 MP: 5/5
   929 | D:2      | Reached XP level 3. HP: 6/29 MP: 4/6
  1048 | D:2      | Learned a level 2 spell: Sticks to Snakes
  1273 | D:2      | Noticed Robin
  1534 | D:2      | Noticed Sigmund
  1696 | D:2      | Reached skill level 4 in Unarmed Combat
  1751 | D:2      | Slain by a worm

Vault maps used:
D:1:      minmay_arrival_hallway
D:2:      uniq_robin, uniq_sigmund, uniq_crazy_yiuf_cottage

Skill      XL: |  1  2  3 |
---------------+----------+-----
Fighting       | 2 |  2.2
Unarmed Combat | 4 |  4.0
Dodging        | |  1.7
Spellcasting   | |  2.0
Transmutations | |  2.6

Action                   || total
-------------------------++-------
Melee: Unarmed           ||   179
       Tailslap          ||    15
       Punch             ||     2
       Headbutt          ||     1
 Cast: Beastly Appendage ||     4
       Sticks to Snakes  ||     1
  Use: Potion            ||     4
  Eat: Chunk             ||     3
Armor: Skin              ||    66
Dodge: Dodged            ||   147

Table legend:
 A = Spawn XP
 B = Non-spawn XP
 C = Spawn XP percentage of total XP
 D = Spawn monster count
 E = Non-spawn monster count
 F = Spawn count percentage of total count
 G = Total turns spent on level
                    A         B        C        D         E        F      G
               +---------+---------+-------+---------+---------+-------+---------
         Total |       0 |      92 |   0.0 |       0 |      34 |   0.0 |  1751
               +---------+---------+-------+---------+---------+-------+---------
           D:1 |       0 |      24 |   0.0 |       0 |      12 |   0.0 |   742
           D:2 |       0 |      68 |   0.0 |       0 |      22 |   0.0 |  1009
               +---------+---------+-------+---------+---------+-------+---------
